 Dungeon Crawl Stone Soup version 0.32-a0-20-ge526923d97 (webtiles) character file.

Game seed: 18289258158408754614

235 Xavori the Trooper (level 6, 0/47 HPs)
             Began as a Djinni Chaos Knight on Jan 17, 2024.
             Was a Plaything of Xom.
             Slain by a gnoll
             ... wielding a +0 whip
             ... led by a gnoll bouda
              (5 damage)
             ... on level 3 of the Dungeon.
             The game lasted 00:02:27 (8396 turns).

Xavori the Trooper (Djinni Chaos Knight)            Turns: 8396, Time: 00:02:28

Health: 0/47       AC:  5    Str: 11    XL:     6   Next: 27%
Gold:   70         EV: 13    Int: 13    God:    Xom [......] SH:  0 Dex: 15

rFire   + + +        a - +0 falchion (chaos)
rCold   . . .        (no shield)
rNeg    . . .        b - +2 leather armour
rPois   ∞            (helmet restricted)
rElec   .            o - scarf {rC+ rF+}
rCorr   .            (no gloves)
SInv    +            (boots unavailable)
Will    .....        (no amulet)
Stlth   +            (no ring)
HPRegen 0.27/turn    (no ring)
MPRegen 0.00/turn

%: infuse magic (-1 HP)
@: flying
A: sickness immunity, fire resistance 2, cold vulnerability 1, float, innate
caster, HP casting, extra vitality 1, beak, iridescent scales 1, see invisible,
deformed body, screaming 1, inability to read after injury 1, MP-powered wands,
sturdy frame 1
a: Renounce Religion


You were on level 3 of the Dungeon.
You worshipped Xom.
You were a very special plaything of Xom.
You visited 1 branch of the dungeon, and saw 3 of its levels.

You collected 201 gold pieces.
You spent 131 gold pieces at shops.

Inventory:

Hand Weapons
 a - a +0 falchion of chaos (weapon)
Armour
 b - a +2 leather armour (worn)
 o - a scarf of resistance (worn)
Scrolls
 c - a scroll of butterflies
 d - a scroll of identify {unknown}
 f - 2 scrolls of vulnerability
 h - a scroll of teleportation {unknown}
 i - 2 scrolls of poison {unknown}
 m - a scroll of torment {unknown}
 p - a scroll of revelation {unknown}
 t - 2 scrolls of enchant armour {unknown}
 v - a scroll of silence {unknown}
Potions
 e - a potion of lignification {unknown}
 g - a potion of brilliance {unknown}
 j - a potion of ambrosia {unknown}
 l - 3 potions of might {unknown}
 n - a potion of berserk rage {unknown}
 q - a potion of enlightenment {unknown}
 r - a potion of curing {unknown}
 s - a potion of degeneration {unknown}
 u - a potion of attraction {unknown}
 w - a potion of mutation {unknown}


   Skills:
 + Level 3.7 Fighting
 + Level 3.4 Long Blades
 + Level 2.3 Armour
 + Level 3.3 Dodging
 * Level 2.4 Spellcasting
 * Level 2.4 Conjurations
 * Level 2.4 Hexes
   Level 0.0 Charms
 * Level 2.4 Summonings
 * Level 2.4 Necromancy
 * Level 2.4 Translocations
   Level 0.0 Transmutations
 * Level 2.4 Fire Magic
 * Level 2.4 Ice Magic
 * Level 2.4 Air Magic
 * Level 2.4 Earth Magic
 * Level 2.4 Alchemy


You knew the following spells:

 Your Spells              Type           Power      Damage    Failure   Level
a - Kiss of Death         Conj/Necr      28%        2d7       10%         1
b - Static Discharge      Conj/Air       14%        3-4/arc   14%         2
Your spell library was empty.

Dungeon Overview and Level Annotations

Branches:
Dungeon (3/15)

Altars:
Xom

Shops:
D:3 *


Innate Abilities, Weirdness & Mutations

You are immune to sickness and miasma.
You are immune to poison.
Your flesh is very heat resistant. (rF++)
You are vulnerable to cold. (rC-)
You float through the air rather than walking.
You learn spells naturally, not from books.
Your magical power is your life essence.
You have superior vitality. (+4 MHP)
You have a beak for a mouth.
You are partially covered in iridescent scales. (AC +2)
You have supernaturally acute eyesight. (SInv)
Armour fits poorly on your strangely shaped body.
You occasionally shout uncontrollably at your foes.
You occasionally lose the ability to read scrolls when taking damage.
You expend health (3 HP) to strengthen your wands.
Your movements are slightly less encumbered by armour. (ER -2)


Message History

A gnoll comes into view. It is wielding a +0 whip.
The gnoll closely misses you. The adder bites you but does no damage.
The gnoll barely misses you. The gnoll closely misses you.
The gnoll barely misses you.
The gnoll shouts!
You hit the adder but do no damage.
The adder seems to grow stronger.
The adder is moderately wounded.
The adder closely misses you. The gnoll closely misses you. x2
The gnoll hits you with a +0 whip!
Unknown command.
You slash the adder!
You kill the adder!
The gnoll hits you with a +0 whip. The gnoll barely misses you. x2
Unknown command.
You slash the gnoll! You freeze the gnoll.
You kill the gnoll!
The gnoll hits you but does no damage.
The gnoll hits you from afar with a +0 spear.
A gnoll comes into view. It is wielding a +0 spear.
The gnoll attacks as it pursues you! The gnoll hits you with a +0 whip!
Unknown command.
The gnoll attacks as it pursues you!
The gnoll hits you from afar with a +0 spear.
* * * LOW HITPOINT WARNING * * *
The gnoll attacks as it pursues you! The gnoll hits you with a +0 whip!
* * * LOW HITPOINT WARNING * * *
The gnoll bouda barks out a call to the hunt!
The gnolls pick up the pace!
The gnoll attacks as it pursues you! The gnoll hits you with a +0 whip.
* * * LOW HITPOINT WARNING * * *
The gnoll attacks as it pursues you! The gnoll hits you with a +0 whip.
* * * LOW HITPOINT WARNING * * *
The gnoll misses you.
Blink to where?
Press: ? - help, Dir - move target
As you read the scroll of blinking, it crumbles to dust. "First here, now there."
You swap places with the gnoll.
Some monsters swap places.
The gnoll is no longer moving quickly.
The gnoll hits you with a +0 whip.
You die...

###..............................
# ##.#.......##...##("##.........
# #.......................##...#
## ###.......#######.##..........
.# ##.....## #..#........... .###
#.......### ##g##...........
...###.........# #..##..........>
##...........#.###.####..........
###..#.....##..@g.........##...#
#...##...##..#.##############.#
##...######......# #.#
##..#..........##.### #.#
...##...###g..###...# <..
####..#.# #.### ###.# .....##.#
#.# #.###### .######.###.#
#.##... ## #.....# #.##.#


You could see 2 gnolls.

Vanquished Creatures
  A phantom (D:3)
  A hound (D:2)
  An orc wizard (D:3)
  2 adders (D:3)
  A gnoll (D:3)
  A ribbon worm (D:3)
  A dart slug (D:2)
  2 orcs (D:3)
  7 bats
  2 endoplasms
  A giant cockroach (D:1)
  4 goblins
  2 hobgoblins
  6 quokkas
  3 ball pythons
  2 frilled lizards (D:1)
  4 kobolds (D:1)
41 creatures vanquished.

Vanquished Creatures (collateral kills)
  An orc wizard (D:3)
  An orc (D:3)
2 creatures vanquished.

Grand Total: 43 creatures vanquished

Notes
Turn   | Place    | Note
-------+----------+-------------------------------------------
     0 | D:1      | Xavori the Djinni Chaos Knight began the quest for the Orb.
     0 | D:1      | Reached XP level 1. HP: 20/20 MP: 0/0
    86 | D:1      | XOM: silly message
    90 | D:1      | XOM: silly message
   148 | D:1      | Reached XP level 2. HP: 23/25 MP: 0/0
   182 | D:1      | XOM: divination: magic mapping
   511 | D:1      | Found a faded altar of an unknown god.
   608 | D:1      | Reached XP level 3. HP: 30/30 MP: 0/0
   608 | D:1      | Learned a level 1 spell: Kiss of Death
   699 | D:1      | XOM: silly message
   795 | D:1      | XOM: noise
  1539 | D:1      | XOM: noise
  1681 | D:1      | XOM: divination: detect items
  1749 | D:1      | XOM: give mutations
  1749 | D:1      | Gained mutation: Your movements are slightly less
                  | encumbered by armour. (ER -2) [Xom's grace]
  1749 | D:1      | Gained mutation: Your muscles are strong. (Str +4, Int/Dex
                  | -1) [Xom's grace]
  2213 | D:1      | XOM: cloud trail
  2356 | D:1      | XOM: summons 2 hostile demons
  2777 | D:1      | XOM: noise
  3456 | D:1      | XOM: divination: magic mapping
  4265 | D:1      | XOM: divination: detect creatures
  4388 | D:1      | XOM: summons 2 hostile demons
  4781 | D:1      | XOM: summons 1 hostile demon
  4782 | D:1      | Noticed an ice devil
  4980 | D:2      | XOM: 2-stop teleportation journey
  4986 | D:2      | Reached skill level 1 in Spellcasting
  4986 | D:2      | Reached skill level 1 in Conjurations
  4986 | D:2      | Reached skill level 1 in Hexes
  4986 | D:2      | Reached skill level 1 in Summonings
  4986 | D:2      | Reached skill level 1 in Necromancy
  4986 | D:2      | Reached skill level 1 in Translocations
  4986 | D:2      | Reached skill level 1 in Fire Magic
  4986 | D:2      | Reached skill level 1 in Ice Magic
  4986 | D:2      | Reached skill level 1 in Air Magic
  4986 | D:2      | Reached skill level 1 in Earth Magic
  4986 | D:2      | Reached skill level 1 in Alchemy
  5502 | D:1      | XOM: cloud trail
  6041 | D:1      | XOM: give mutation
  6044 | D:1      | XOM: summons 3 hostile shadow creatures
  6565 | D:1      | XOM is BORED!
  6565 | D:1      | XOM: noise
  6653 | D:1      | XOM: noise
  7170 | D:1      | XOM: give mutations
  7170 | D:1      | Gained mutation: You are partially covered in iridescent
                  | scales. (AC +2) [Xom's mischief]
  7175 | D:1      | XOM: give mutations
  7175 | D:1      | Gained mutation: You have hidden genetic defects. [Xom's
                  | mischief]
  7175 | D:1      | Gained mutation: You have supernaturally acute eyesight.
                  | (SInv) [Xom's mischief]
  7175 | D:1      | Lost mutation: Your muscles are strong. (Str +4, Int/Dex
                  | -1) [Xom's mischief]
  7296 | D:2      | XOM: cleaving
  7300 | D:2      | Reached XP level 4. HP: 26/35 MP: 0/0
  7325 | D:2      | Gained mutation: You occasionally shout uncontrollably at
                  | your foes. [hidden defects]
  7380 | D:2      | Found a shimmering altar of Xom.
  7740 | D:2      | XOM: god gift: 57 gold pieces
  7986 | D:3      | Noticed a phantom
  7987 | D:3      | XOM: enchant monster (good)
  7993 | D:3      | Gained mutation: You occasionally lose the ability to read
                  | scrolls when taking damage. [hidden defects]
  7993 | D:3      | Lost mutation: You have hidden genetic defects. [hidden
                  | defects expressed]
  8001 | D:3      | Found Qabror's Assorted Antiques.
  8002 | D:3      | Killed a phantom
  8003 | D:3      | Reached XP level 5. HP: 25/40 MP: 0/0
  8003 | D:3      | Learned a level 2 spell: Static Discharge
  8007 | D:3      | XOM: cast spell 'Fugue of the Fallen'
  8012 | D:3      | XOM: fake destruction
  8021 | D:3      | XOM: god gift: 2 datura-tipped darts
  8038 | D:3      | Reached XP level 6. HP: 21/47 MP: 0/0
  8142 | D:3      | XOM: give mutations
  8142 | D:3      | Gained mutation: Armour fits poorly on your strangely
                  | shaped body. [Xom's mischief]
  8142 | D:3      | Gained mutation: You expend health (3 HP) to strengthen
                  | your wands. [Xom's mischief]
  8142 | D:3      | Gained mutation: You have a beak for a mouth. [Xom's
                  | mischief]
  8157 | D:3      | Bought 3 scrolls labelled YHAKUF GYOWKANAS for 57 gold
                  | pieces
  8157 | D:3      | Bought a black potion for 17 gold pieces
  8159 | D:3      | Bought a scroll labelled BUT GYDALISEEBU for 19 gold pieces
  8159 | D:3      | Bought a scroll labelled ARO ABOTYSH for 19 gold pieces
  8159 | D:3      | Bought a scroll labelled NUGADYVEQY for 19 gold pieces
  8187 | D:3      | XOM: 1-stop teleportation journey
  8217 | D:3      | XOM: give mutations
  8386 | D:3      | HP: 2/47 [gnoll/+0 whip[a gnoll bouda] (1)]
  8396 | D:3      | XOM: swap monsters
  8396 | D:3      | Slain by a gnoll

Illustrated notes

Levels and vault maps discovered:
D:1:      saegor_arrival_simple_c, layout_loops_ring,
          shapermc_ecumenical_altar_petra
D:2:      layout_basic, basic_altar, kennysheep_generic_room_6
D:3:      layout_rooms, serial_shops, shop, nicolae_half_adder

Skill      XL: |  1  2  3  4 |
---------------+-------------+-----
Spellcasting   | 1 2 |  2.4
Conjurations   | 1 2 |  2.4
Hexes          | 1 2 |  2.4
Summonings     | 1 2 |  2.4
Necromancy     | 1 2 |  2.4
Translocations | 1 2 |  2.4
Fire Magic     | 1 2 |  2.4
Ice Magic      | 1 2 |  2.4
Air Magic      | 1 2 |  2.4
Earth Magic    | 1 2 |  2.4
Alchemy        | 1 2 |  2.4
Long Blades    | 3 |  3.4
Armour         | 2 |  2.3
Dodging        | 3 |  3.3
Fighting       | |  3.7

Action                     |  1- 3 |  4- 6 || total
---------------------------+-------+-------++-------
  Melee: Falchion          |    63 |    70 ||   133
         Peck              |       |     1 ||     1
    Use: Scroll            |       |     5 ||     5
   Stab: Paralysed         |       |     4 ||     4
         Sleeping          |       |     2 ||     2
 Armour: Leather armour    |    44 |    63 ||   107
  Dodge: Dodged            |    45 |    79 ||   124

Table legend: (Time is in decaauts)
 A = Elapsed time spent in this place.
 B = Non-inter-level travel time spent in this place.
 C = Inter-level travel time spent in this place.
 D = Time resting spent in this place.
 E = Time spent auto-exploring this place.
 F = Levels seen in this place.
 G = Mean time per level.
                   A        B        C        D        E       F      G
               +--------+--------+--------+--------+--------+-----+--------+
         Total |   8419 |   8378 |     41 |   6368 |   1600 |   3 | 2806.3 |
       Dungeon |   8419 |   8378 |     41 |   6368 |   1600 |   3 | 2806.3 |
               +--------+--------+--------+--------+--------+-----+--------+

Top non-repeatable levels by time:
     D:1: 5918 daAuts
     D:2: 2053 daAuts
     D:3: 448 daAuts
